 Dungeon Crawl Stone Soup version 0.21.1-1-g345015f (webtiles) character file.

27 shakethe the Ducker (level 3, 0/23 HPs)
             Began as an Octopode Transmuter on Feb 7, 2018.
             Slain by a hound skeleton (1 damage)
             ... on level 2 of the Dungeon.
             The game lasted 00:00:58 (732 turns).

shakethe the Ducker (Octopode Transmuter)            Turns: 732, Time: 00:00:58

Health: 0/23       AC:  1    Str:  9    XL:     3   Next: 10%
Magic:  5/6        EV: 14    Int: 15    God:
Gold:   74         SH:  0    Dex: 13    Spells: 5/6 levels left

rFire    . . .     SeeInvis .     - Unarmed
rCold    . . .     Gourm    .   (no shield)
rNeg     . . .     Faith    .   (helmet restricted)
rPois    .         Spirit   .   (no amulet)
rElec    .         Reflect  .   (no ring)
rCorr    .         Harm     .   (no ring)
MR       .....                  (no ring)
Stlth    ++........             (no ring)
HPRegen  0.07/turn              (no ring)
MPRegen  0.10/turn              (no ring)
                                (no ring)
                                (no ring)

@: appendage (expiring)
A: almost no armour, stealthy swim, amphibious, 8 rings, constrict 8, tentacle
spike 3, camouflage 1, gelatinous body 1
a: End Transformation


You were on level 2 of the Dungeon.
You were not hungry.
One of your tentacles had a temporary spike.
You visited 1 branch of the dungeon, and saw 2 of its levels.

You collected 74 gold pieces.

Inventory:

Missiles
 a - 12 arrows
Scrolls
 d - 2 scrolls of teleportation {unknown}
 f - 2 scrolls of blinking {unknown}
 g - a scroll of identify {unknown}
Potions
 e - a potion of heal wounds {unknown}
Books
 b - a book of Changes

   Spells                             Type                      Level
   a - Beastly Appendage              Transmutation                1
   b - Sticks to Snakes               Transmutation                2
   c - Spider Form                    Transmutation/Poison         3
   d - Ice Form                       Ice/Transmutation            4
   e - Blade Hands                    Transmutation                5
Comestibles
 c - a ration


   Skills:
 - Level 1.0 Fighting
 + Level 3.5 Dodging
 - Level 3.0 Unarmed Combat
 - Level 2.0 Spellcasting
 - Level 2.0 Transmutations


You had 5 spell levels left.
You knew the following spells:

 Your Spells              Type           Power        Failure   Level  Hunger
a - Beastly Appendage     Tmut           #.....       10%         1    #......


Dungeon Overview and Level Annotations

Branches:
Dungeon (2/15)

Altars:


Innate Abilities, Weirdness & Mutations

You cannot wear most types of armour.
You are very stealthy in the water. (Stealth+)
You are amphibious.
You can wear up to eight rings at the same time.
You can use your tentacles to constrict eight enemies at once.
Your skin changes colour to match your surroundings (Stealth+).
Your rubbery body absorbs attacks. (AC +1, EV +1)
One of your tentacles bears a large vicious spike.


Message History

You are too injured to fight recklessly!
You are too injured to fight recklessly!
You are too injured to fight recklessly!
You are too injured to fight recklessly!
You are too injured to fight recklessly!
You are too injured to fight recklessly!
You are too injured to fight recklessly!
You are too injured to fight recklessly!
You are too injured to fight recklessly!
You tentacle-slap the ooze but do no damage.
You pierce the ooze.
The ooze is moderately wounded.
The hound skeleton bites you.
* * * LOW HITPOINT WARNING * * *
The ooze barely misses you. The hound skeleton bites you.
* * * LOW HITPOINT WARNING * * *
You tentacle-slap the ooze.
The ooze is heavily wounded.
The ooze misses you. The hound skeleton bites you.
You die...

###.......#
##.........
#...#.....
##........
#........#####
###............
...............
......J@#.#
.#....Z...#
............#
.........##....
........## ##.
.........
.........
.........
........(.


You could see an ooze and a hound skeleton.

Vanquished Creatures
  An adder (D:2)
  3 giant cockroaches (D:1)
  2 goblins
  A hobgoblin (D:1)
  4 jackals (D:1)
  A frilled lizard (D:1)
  2 kobolds (D:1)
  2 rats (D:1)
16 creatures vanquished.

Notes
Turn   | Place    | Note
-------+----------+-------------------------------------------
     0 | D:1      | shakethe the Octopode Transmuter began the quest for the Orb.
     0 | D:1      | Reached XP level 1. HP: 13/13 MP: 3/3
   300 | D:1      | Reached XP level 2. HP: 18/18 MP: 5/5
   728 | D:2      | Reached XP level 3. HP: 15/23 MP: 4/6
   731 | D:2      | HP: 1/23 [hound skeleton (3)]
   732 | D:2      | Slain by a hound skeleton

Skill      XL: |  1  2 |
---------------+-------+-----
Dodging        | 3 |  3.5
Fighting       | |  1.0
Unarmed Combat | |  3.0
Spellcasting   | |  2.0
Transmutations | |  2.0

Action                   || total
-------------------------++-------
Melee: Unarmed           ||    36
       Constrict         ||    12
       Tentacles         ||     8
       Punch             ||     1
       Kick              ||     6
 Cast: Beastly Appendage ||     3
 Stab: Sleeping          ||     3
Armor: Skin              ||     4
Dodge: Dodged            ||    20
